 Dungeon Crawl Stone Soup version 0.30-a0-883-g5ad918d77d (webtiles) character file.

Game seed: 11805648644422888468

2186 iguanaiguana the Frost Mage (level 9, -3/82 HPs)
             Began as an Armataur Ice Elementalist on Mar 16, 2023.
             Slain by a spriggan
             ... wielding the +3 spear "Huwenono" {drain, Drain rF+ Int+3 Stlth+}
              (17 damage)
             ... in a bailey.
             The game lasted 00:13:59 (1544 turns).

iguanaiguana the Frost Mage (AtIE)                  Turns: 1544, Time: 00:14:00

Health: -3/82      AC:  6    Str: 18 (20) XL:     9   Next: 11%
Magic:  10/12      EV:  8    Int: 14 (20) God:
Gold:   143        SH:  4    Dex:  6 (10) Spells: 6/13 levels left

rFire   . . .      SeeInvis .    h - +2 dagger (protect)
rCold   . . .      Faith    .    p - +0 buckler
rNeg    . . .      Spirit   .    i - +0 acid dragon scales
rPois   .          Reflect  .    (no helmet)
rElec   .          Roll     +    (no cloak)
rCorr   +                        (no gloves)
Will    .....                    (no barding)
Stlth   +                        (no amulet)
HPRegen 0.33/turn                f - +6 ring of strength
MPRegen 0.13/turn                (no ring)

@: brilliant, very slightly contaminated, invisible
A: large, rugged brown scales 3, deformed body, armoured tail, roll, long
tongue, awkward tongue
a: no special abilities


You were in a bailey.
You visited 1 branch of the dungeon, and saw 7 of its levels.
You also visited: Bailey.

You collected 143 gold pieces.

Inventory:

Hand Weapons
 h - a +2 dagger of protection (weapon)
 l - a +2 rapier of electrocution
 u - a +0 dagger of venom
Missiles
 s - 13 poisoned darts (quivered)
Armour
 a - a +0 robe
 e - a +0 robe of willpower
 i - +0 acid dragon scales (worn)
 p - a +0 buckler (worn)
Jewellery
 f - a +6 ring of strength (left hand)
Scrolls
 d - 2 scrolls of blinking {@r4}
 g - a scroll of fear
 j - a scroll of enchant weapon {unknown}
 k - 2 scrolls of identify {@r1}


   Skills:
 + Level 6.3 Fighting
 - Level 1.3 Dodging
 - Level 2.1 Stealth
 - Level 6.0 Shields
 - Level 2.5 Spellcasting
 - Level 8.0 Ice Magic


You had 6 spell levels left.
You knew the following spells:

 Your Spells              Type           Power      Damage    Failure   Level
a - Freeze                Ice            100%       1d10      1%          1
b - Frozen Ramparts       Ice            72%        1d11      4%          3
c - Ozocubu's Armour      Ice            36%        N/A       4%          3

Your spell library contained the following spells:

 Spells                   Type           Power      Damage    Failure   Level
 Lesser Beckoning         Tloc           4%         N/A       50%         2
 Summon Ice Beast         Ice/Summ       19%        N/A       56%         4
 Gell's Gravitas          Tloc           2%         N/A       73%         3
 Teleport Other           Tloc           2%         N/A       73%         3


Dungeon Overview and Level Annotations

Branches:
Dungeon (7/15) Zot: 26805  Bailey (1/1) Zot: 5658
 Temple: D:4-7

Altars:
Okawaru
Sif Muna
Xom
Zin
The Shining One

Annotations:
D:5 exclusion: ice beast


Innate Abilities, Weirdness & Mutations

You are completely covered in rugged brown scales. (AC +3, +7% HP)
Armour fits poorly on your strangely shaped body.
You have a long armoured tail.
You roll when moving toward enemies. (Rampage)
Your long tongue fully drains potion bottles. (2x potion effects)
Your tongue gives you trouble enunciating. (1.5x scroll delay)


Message History

Press: ? - help, Shift-Dir - straight line, f/p - spriggan
Aim: a spriggan, wielding a +4 spear (almost dead, unusually resistant, 19% to hit)
You throw a poisoned dart. The poisoned dart hits the spriggan.
The spriggan is poisoned.
The spriggan is almost dead.
You hear a splash.
The frozen ramparts melt away.
The spriggan splashes around in the water.
Casting: Ozocubu's Armour (mildly dangerous; 4% risk of failure)
Confirm with . or Enter, or press ? or * to list all spells.
Casting: Frozen Ramparts (mildly dangerous; 4% risk of failure)
Press: ? - help, Dir - look around, f - activate You feel a surge of power!
The walls around you are covered in ice.
The spriggan completely resists.
The spriggan hits you from afar with a +4 spear!
* * * LOW HITPOINT WARNING * * *
The spriggan completely resists.
The spriggan looks more healthy.
The spriggan resists.
The wall freezes the spriggan.
You kill the spriggan!
You hear a splash. x2
Your Fighting skill increases to level 6!
The wall freezes the two-headed ogre.
Throw: 14 darts (poison)
Press: ? - help, Shift-Dir - straight line, f - spriggan
Aim: a spriggan, wielding the +3 spear "Huwenono" {drain, Drain rF+ Int+3 Stlth+} (23% to hit)
You throw a poisoned dart.
The poisoned dart closely misses the spriggan.
You hear a splash.
The wall freezes the spriggan.
Your icy armour and frozen ramparts will break if you move.
Continue?
Okay, then.
Your icy armour and frozen ramparts will break if you move.
Continue?
Your icy armour cracks and falls away as you move.
The frozen ramparts melt away as you move.
You roll towards the spriggan!
You closely miss the spriggan.
The spriggan is lightly wounded.
The spriggan hits you with the +3 spear "Huwenono" {drain, Drain rF+ Int+3 Stlth+}!
You die...

#### #... #...
##..#### ..#
##..♣♣.. #..#
##..##.. #..##
#..@♣.. #..##
#..i♣.♣ #..~~
#..O#.♣ #..~~
#†.~).♣ #..~~
#..~♣.♣ #..~~
#...#.♣♣ #..~~
#...#..♣ ##).##
##..##.......♣#..##
##..#♣.....##..##


You could see a two-headed ogre (unable to see you) and a spriggan.

Vanquished Creatures
  5 spriggans (Bailey)
  A wyvern (D:7)
  An acid dragon (Bailey)
  2 ice beasts (D:7)
  2 ogres (Bailey)
  3 kobold brigands
  2 scorpions (D:4)
  4 killer bees (D:7)
  A hound (D:6)
  A jelly (D:4)
  2 sleepcaps
  5 orc wizards (D:7)
  4 adders
  A shadow imp (D:7)
  A dart slug (D:4)
  5 orcs (D:7)
  2 endoplasms
  2 giant cockroaches
  3 hobgoblins (D:2)
  2 jackals (D:2)
  A quokka (D:4)
  A ball python (D:4)
  2 frilled lizards
  6 goblins
  17 kobolds
76 creatures vanquished.

Vanquished Creatures (others)
  A withered plant (D:2)
1 creature vanquished.

Grand Total: 77 creatures vanquished

Notes
Turn   | Place    | Note
-------+----------+-------------------------------------------
     0 | D:1      | iguanaiguana the Armataur Ice Elementalist began the quest
                  | for the Orb.
     0 | D:1      | Reached XP level 1. HP: 14/14 MP: 3/3
   129 | D:2      | Reached skill level 4 in Ice Magic
   129 | D:2      | Reached XP level 2. HP: 21/21 MP: 1/4
   291 | D:3      | Reached XP level 3. HP: 21/27 MP: 0/5
   295 | D:3      | Learned a level 3 spell: Frozen Ramparts
   354 | D:4      | Noticed a scorpion
   355 | D:4      | Found a shimmering altar of Xom.
   355 | D:4      | Found an iron altar of Okawaru.
   360 | D:4      | Killed a scorpion
   361 | D:4      | Reached skill level 5 in Ice Magic
   361 | D:4      | Reached XP level 4. HP: 25/35 MP: 2/6
   439 | D:4      | Found a glowing golden altar of the Shining One.
   439 | D:4      | Found a shimmering blue altar of Sif Muna.
   633 | D:4      | Learned a level 3 spell: Ozocubu's Armour
   656 | D:4      | Noticed a scorpion
   671 | D:4      | Killed a scorpion
   672 | D:4      | Reached XP level 5. HP: 15/40 MP: 4/8
   695 | D:5      | Entered Level 5 of the Dungeon
   695 | D:5      | Noticed an ice beast
   704 | D:5      | Reached skill level 6 in Ice Magic
   761 | D:5      | Noticed a phantom
   902 | D:6      | Reached XP level 6. HP: 19/48 MP: 3/9
  1034 | D:7      | Reached skill level 7 in Ice Magic
  1057 | D:7      | Noticed an ice beast
  1077 | D:7      | Killed an ice beast
  1078 | D:7      | Reached XP level 7. HP: 46/53 MP: 0/10
  1087 | D:7      | Reached skill level 8 in Ice Magic
  1169 | D:7      | Noticed a wyvern
  1170 | D:7      | Found a glowing silver altar of Zin.
  1177 | D:7      | Killed a wyvern
  1178 | D:7      | Reached skill level 5 in Shields
  1178 | D:7      | Reached XP level 8. HP: 52/60 MP: 4/11
  1184 | D:7      | Found a flagged portal.
  1204 | Bailey   | Entered a bailey
  1333 | Bailey   | Identified the +5 falchion of Infinity {antimagic, Str+6}
  1378 | Bailey   | Reached skill level 5 in Fighting
  1510 | Bailey   | Reached XP level 9. HP: 39/80 MP: 0/12
  1518 | Bailey   | Noticed a two-headed ogre
  1521 | Bailey   | Identified the +3 spear "Huwenono" {drain, Drain rF+ Int+3
                  | Stlth+}
  1544 | Bailey   | Slain by a spriggan

Illustrated notes

Levels and vault maps discovered:
D:1:      mainiacjoe_arrival_reflecting_pool, layout_loops_ring, chequers_garden
D:2:      layout_loops_cross, ebering_ecumenical_altar_petrified,
          nicolae_kite_square_tiling_tiny, hangedman_decor_slide_cut
D:3:      layout_rooms, ebering_ghost_sewer_d
D:4:      layout_cave_pods, grunt_temple_overflow_open,
          minmay_temple_entry_proselytizer
D:5:      layout_rooms
D:6:      layout_cave_pools, uniq_blork_the_orc
D:7:      layout_gridville, mainiacjoe_overflow_boulevard, enter_bailey_3,
          uniq_maggie
Bailey:   bailey_polearm_enchanted_keep_hellmonk, bailey

Skill      XL: |  1  2  3  4  5  6  7  8  9 |
---------------+----------------------------+-----
Ice Magic      | 4 5 6 7 8 |  8.0
Spellcasting   | 2 |  2.5
Shields        | 5 6 |  6.0
Fighting       | 5 6 |  6.3
Dodging        | |  1.3
Stealth        | |  2.1

Action                     |  1- 3 |  4- 6 |  7- 9 || total
---------------------------+-------+-------+-------++-------
  Melee: Unarmed           |     9 |       |       ||     9
         Glaive            |    11 |    12 |       ||    23
         Tailslap          |     2 |     6 |     5 ||    13
         Punch             |     1 |       |       ||     1
         Quarterstaff      |       |    24 |       ||    24
         Dagger            |       |    22 |    88 ||   110
  Throw: Dart              |       |       |     9 ||     9
   Cast: Freeze            |    16 |     6 |       ||    22
         Frozen Ramparts   |       |     9 |     9 ||    18
         Ozocubu's Armour  |       |     4 |     7 ||    11
    Use: Scroll            |       |     5 |     1 ||     6
         Potion            |       |     1 |    10 ||    11
   Stab: Sleeping          |     1 |     1 |       ||     2
         Invisible         |       |       |     2 ||     2
 Armour: Robe              |    14 |    37 |    36 ||    87
         Acid dragon scale |       |       |     3 ||     3
  Dodge: Dodged            |    23 |    35 |    70 ||   128
  Block: Buckler           |       |     1 |    18 ||    19

Table legend: (Time is in decaauts)
 A = Elapsed time spent in this place.
 B = Non-inter-level travel time spent in this place.
 C = Inter-level travel time spent in this place.
 D = Time resting spent in this place.
 E = Time spent auto-exploring this place.
 F = Levels seen in this place.
 G = Mean time per level.
                   A        B        C        D        E       F      G
               +--------+--------+--------+--------+--------+-----+--------+
         Total |   1572 |   1489 |     83 |    186 |      0 |   8 |  196.5 |
       Dungeon |   1231 |   1148 |     83 |     44 |      0 |   7 |  175.9 |
        Bailey |    340 |    340 |      0 |    142 |      0 |   1 |  340.0 |
               +--------+--------+--------+--------+--------+-----+--------+

Top non-repeatable levels by time:
     D:4: 375 daAuts
  Bailey: 340 daAuts
     D:6: 219 daAuts
     D:2: 199 daAuts
     D:7: 192 daAuts
     D:5: 106 daAuts
     D:1: 89 daAuts
     D:3: 48 daAuts
